 Dungeon Sprint DCSS version 0.28-a0-1033-g1a2f33fa85 (webtiles) character file.

Game seed: 11927833171852049406

25 ytrimaz the Ruffian (level 2, -8/31 HPs)
             Began as a Troll Berserker on Dec 7, 2021.
             Was a Follower of Trog.
             Mangled by an ogre (14 damage)
             ... in the Dungeon (Sprint I: "Red Sonja").
             The game lasted 00:00:22 (45 turns).

ytrimaz the Ruffian (Troll Berserker)                 Turns: 45, Time: 00:00:22

Health: -8/31      AC:  4    Str: 24    XL:     2   Next: 82%
Magic:  1/1        EV: 10    Int:  3    God:    Trog [*.....]
Gold:   0          SH:  0    Dex:  9    Spells: 1/1 levels left

rFire   . . .      SeeInvis .     - Unarmed
rCold   . . .      Faith    .   (no shield)
rNeg    . . .      Spirit   .   a - +0 animal skin
rPois   .          Reflect  .   (helmet restricted)
rElec   .          Harm     .   (no cloak)
rCorr   .          Rampage  .   (gloves unavailable)
Will    .....      NoTele   +   (boots unavailable)
Stlth   +.........              (no amulet)
HPRegen 0.90/turn               (no ring)
MPRegen 0.07/turn               (no ring)

@: on berserk cooldown
A: large, unfitting armour, claws 3, regeneration 1, shaggy fur 1, tough skin 1
a: Renounce Religion, Berserk


You were in the Dungeon.
You worshipped Trog.
Trog was aware of your devotion.
You visited 1 branch

Inventory:

Armour
 a - a +0 animal skin (worn)
Wands
 h - a wand of acid (7)
Scrolls
 g - a scroll of blinking
Potions
 b - a potion of curing
 c - a potion of heal wounds
 d - a potion of haste
 e - 2 potions of magic
 f - a potion of berserk rage


   Skills:
 + Level 3.6 Fighting
 + Level 3.6 Dodging
 + Level 4.5 Unarmed Combat


You had one spell level left.
You didn't know any spells.
Your spell library was empty.

Dungeon Overview and Level Annotations

Branches:
Dungeon (1/1)

Altars:


Innate Abilities, Weirdness & Mutations

You are too large for most types of armour.
You have claws for hands.
Your natural rate of healing is unusually fast.
You are covered in fur. (AC +1)
You have tough skin. (AC +1)


Message History

You barely miss Ijyb.
Ijyb is almost dead.
You are no longer berserk.
You are exhausted.
You feel yourself slow down. Ijyb hits you with a +6 club!
* * * LOW HITPOINT WARNING * * *
You claw Ijyb!
You kill Ijyb!
Trog accepts your kill.
Your Fighting skill increases to level 3!
Your Dodging skill increases to level 3!
Your Unarmed Combat skill increases to level 4!
You have reached level 2!
h - a wand of acid (7)
Things that are here:
a +6 club; a +0 leather armour; the goblin corpse of Ijyb You start resting.
HP restored.
You start waiting.
You feel yourself speed up.
You're still recovering from your berserk rage.
You open the door.
An ogre comes into view. It is wielding a +0 giant spiked club.
You close the door.
An ogre opens the door.
Things that are here:
a +6 club; a +0 leather armour; the goblin corpse of Ijyb
There is an open door, spattered with blood here.
The ogre hits you with a +0 giant spiked club!!
Ouch! That really hurt!
* * * LOW HITPOINT WARNING * * *
There is an open door, spattered with blood here.
You claw the ogre!
The ogre is moderately wounded.
You claw the ogre!
The ogre is almost dead.
The ogre misses you.
You scratch the ogre but do no damage.
The ogre is almost dead.
The ogre hits you with a +0 giant spiked club!
You die...

##########
#<.#..'..#
#..@O.#..+
#..#### +#
#..# #..#
#..# #⌠⌠#
####


You could see an ogre.

Vanquished Creatures
  Ijyb (D)
1 creature vanquished.

Notes
Turn   | Place    | Note
-------+----------+-------------------------------------------
     0 | D        | ytrimaz the Troll Berserker began the quest for the Orb.
     0 | D        | Reached XP level 1. HP: 22/22 MP: 0/0
     3 | D        | Noticed Ijyb
    12 | D        | Killed Ijyb
    13 | D        | Reached skill level 4 in Unarmed Combat
    13 | D        | Reached XP level 2. HP: 9/31 MP: 1/1
    37 | D        | Noticed an ogre
    45 | D        | Mangled by an ogre

Illustrated notes

Levels and vault maps discovered:
D:        dungeon_sprint_1 [red_sonja_temple_1, red_sonja_temple_small_1]

Skill      XL: |  1 |
---------------+----+-----
Fighting       | 3 |  3.6
Dodging        | 3 |  3.6
Unarmed Combat | 4 |  4.5

Action                   || total
-------------------------++-------
Melee: Unarmed           ||    11
Invok: Berserk           ||     1
Armor: Animal skin       ||     1
Dodge: Dodged            ||     2

Table legend: (Time is in decaauts)
 A = Elapsed time spent in this place.
 B = Non-inter-level travel time spent in this place.
 C = Inter-level travel time spent in this place.
 D = Time resting spent in this place.
 E = Time spent auto-exploring this place.
 F = Levels seen in this place.
 G = Mean time per level.
                   A        B        C        D        E       F      G
               +--------+--------+--------+--------+--------+-----+--------+
         Total |     53 |     53 |      0 |     30 |      0 |   1 |   53.0 |
       Dungeon |     53 |     53 |      0 |     30 |      0 |   1 |   53.0 |
               +--------+--------+--------+--------+--------+-----+--------+

Top non-repeatable levels by time:
       D: 53 daAuts
